 Dungeon Crawl Stone Soup version 0.30-a0-170-g85af917532 (webtiles) character file.

Game seed: 15003325037819538393

35473 qw the Cleaver (level 13, -1/82 HPs)
             Began as a Gargoyle Fighter on Sept 30, 2022.
             Was a High Priest of Okawaru.
             Slain by a bone dragon (12 damage)
             ... on level 1 of the Abyss.
             The game lasted 00:06:41 (16488 turns).

qw the Cleaver (Gargoyle Fighter)                  Turns: 16488, Time: 00:06:41

Health: -1/82      AC: 26    Str: 21    XL:     13   Next: 84%
Magic:  7/7        EV: 11    Int: 12    God:    Okawaru [*****.]
Gold:   1073       SH: 12    Dex:  6    Spells: 12/12 levels left

rFire   + . .      SeeInvis .    n - +12 broad axe "Sojiwkes" {venom, Int+7 Dex-5}
rCold   x x .      Faith    .    v - +0 kite shield
rNeg    + . .      Spirit   .    s - +3 scale mail of the Hungering Gods {-Cast rF+ Will+++ MP-9}
rPois   inf        Reflect  .    c - +2 helmet
rElec   +          Harm     .    (no cloak)
rCorr   .          Rampage  .    (no gloves)
Will    +++..      Rage     9%   t - +0 pair of boots
Stlth   +......... NoCast   +    y - amulet of regeneration
HPRegen 1.03/turn                l - +4 ring of slaying {mikee}
MPRegen 0.10/turn                p - +6 ring of dexterity

@: heroic, on berserk cooldown, slowed, unable to drink, very slow
A: sickness immunity, AC +9, negative energy resistance 1, electricity
resistance, torment resistance 1, petrification resistance, [berserk 2], [clumsy
2], [dopey 2], [low MP 2], ([teleportitis 2]), [weak 2], [cold vulnerability 2],
[subdued magic 2], [inability to drink after injury 2]
a: Renounce Religion, Heroism, Finesse, Duel


You were on level 1 of the Abyss.
You worshipped Okawaru.
Okawaru was extremely pleased with you.
You visited 2 branches of the dungeon, and saw 16 of its levels.
You visited the Abyss 1 time.
You also visited: Gauntlet.

You collected 1073 gold pieces.


Innate Abilities, Weirdness & Mutations

You are immune to sickness and miasma.
Your stone body is resilient. (AC +9)
You are immune to poison.
You resist negative energy. (rN+)
You are resistant to electric shocks. (rElec)
You are resistant to unholy torment.
You are immune to petrification.
[You have an uncontrollable temper.]
[You are very clumsy. (Dex -4)]
[You are very dopey. (Int -4)]
[Your magical capacity is very low. (-20% MP)]
[((You are often teleported next to monsters.))]
[You are very weak. (Str -4)]
[You are very vulnerable to cold. (rC--)]
[Your spells are easier to cast, but less powerful.]
[You sometimes lose the ability to drink potions when taking damage.]


   Skills:
 - Level 10.0(15.0) Fighting
 - Level 14.0(19.0) Axes
 - Level 5.0(10.0) Throwing
 - Level 6.0(11.0) Armour
 - Level 4.0(9.0) Dodging
 + Level 11.0(16.0) Shields
 - Level 10.0 Invocations


You had 12 spell levels left.
You didn't know any spells.
Your spell library was empty.

Inventory:

Hand Weapons
 n - the +12 broad axe "Sojiwkes" (weapon) {venom, Int+7 Dex-5}
   (Okawaru gifted it to you on level 4 of the Lair of Beasts)

   It poisons the flesh of those it strikes.
   Int:       It affects your intelligence (+7).
   Dex:       It affects your dexterity (-5).
 A - a +2 demon whip of draining
Missiles
 r - 4 boomerangs
 z - 6 silver boomerangs
 B - a javelin
 C - a silver javelin (quivered)
Armour
 c - a +2 helmet (worn)
 f - the +3 hat of Pondering {ponderous, Will+ MP+10 Int+5}
   (You found it in a Gauntlet)

   Int:       It affects your intelligence (+5).
   MP:        It affects your magic capacity (+10).
   Will:      It increases your willpower.
 h - a +0 plate armour of poison resistance
 s - the +3 scale mail of the Hungering Gods (worn) {-Cast rF+ Will+++ MP-9}
   (You found it on level 9 of the Dungeon)

   rF:        It protects you from fire.
   MP:        It affects your magic capacity (-9).
   -Cast:     It prevents spellcasting.
   Will:      It greatly increases your willpower.
 t - a +0 pair of boots (worn)
 v - a +0 kite shield (worn)
Jewellery
 j - a ring of ice
 l - a +4 ring of slaying (left hand) {mikee}
 o - a ring of protection from fire
 p - a +6 ring of dexterity (right hand)
 y - an amulet of regeneration (around neck)
Scrolls
 b - 3 scrolls of identify
 m - 10 scrolls of teleportation
Potions
 a - 3 potions of haste
 d - 5 potions of might
 e - 2 potions of curing
 g - a potion of resistance
 i - 3 potions of attraction
 k - 3 potions of heal wounds
 q - 2 potions of lignification
 u - a potion of mutation
 w - a potion of cancellation
 x - a potion of magic

Dungeon Overview and Level Annotations

Branches:
Dungeon (11/15)            Temple (0/1) D:5            Lair (5/5) D:11
  Swamp (0/4) Lair:2        Snake (0/4) Lair:3        Slime (0/5) Lair:5
    Orc (0/2) D:9         Gauntlet (visited)

Altars:
Ashenzari
Dithmenos
Fedhas
Gozag
Hepliaklqana
Okawaru
Qazlal
Sif Muna
Uskayaw
Wu Jian
Xom
Yredelemnul
Jiyva

Annotations:
Lair:2 3 runed translucent doors, Elebi's ghost, journeyman DrTm
Lair:4 2 transporters
Lair:5 Sonja


Message History

The wretched star is almost destroyed.
You slash the white imp!
You kill the white imp!
Okawaru accepts your kill.
The wretched star glows turbulently.
The lance of force misses you.
A bone dragon comes into view.
You hit the wretched star.
You destroy the wretched star!
Okawaru accepts your kill.
Your base Axes skill increases to level 14!
You slash the bone dragon!
The bone dragon is lightly damaged.
The bone dragon bites you but does no damage.
The bone dragon claws you! You block the bone dragon's attack.
The bone dragon bites you but does no damage.
You block the bone dragon's attack.
The bone dragon tramples you but does no damage.
You hit the bone dragon but do no damage.
The bone dragon is lightly damaged.
You block the bone dragon's attack. The bone dragon closely misses you.
The bone dragon tramples you!
You stumble backwards!
You hit the bone dragon.
The bone dragon is lightly damaged.
The bone dragon bites you but does no damage.
The bone dragon barely misses you.
The bone dragon tramples you but does no damage.
You slash the bone dragon!
The bone dragon is lightly damaged.
You block the bone dragon's attack.
The bone dragon claws you but does no damage.
You block the bone dragon's attack.
You hit the bone dragon but do no damage.
The bone dragon is lightly damaged.
You block the bone dragon's attack. The bone dragon claws you!
The bone dragon tramples you but does no damage.
You barely miss the bone dragon.
The bone dragon is lightly damaged.
The bone dragon bites you! The bone dragon claws you!
You die...

##+#.. ......... . .
#. ..#.......#..... .
+...................
#
#.............##....
.. ...........#.....
..#.................
.. #
#......\........... .
.. ..................
...........@D.#.. . .
.. ..........##. #.
..................
...#'###.....###+#...
. ............# #
........###
..#..#..## .....###
##..


You could see a bone dragon.

Vanquished Creatures
  A balrug (Gauntlet)
  A minotaur (Gauntlet)
  Snorg (Lair:3)
  Fannar (D:10)
  Erolcha (D:10)
  2 hydras
  2 two-headed ogres (D:10)
  A boulder beetle (Lair:1)
  5 death yaks (Lair:4)
  A wretched star (Abyss:1)
  A sixfirhy (Gauntlet)
  Pikel (D:4)
  A rust devil (Abyss:1)
  A manticore (D:11)
  2 black mambas
  A torpor snail (Lair:3)
  4 cane toads
  A centaur skeleton (Abyss:1)
  8 komodo dragons
  2 unseen horrors
  2 rime drakes
  An ancient zyme (Abyss:1)
  A kobold demonologist (D:11)
  4 polar bears
  3 hornets
  13 blink frogs
  Grinder (D:3)
  Sigmund (D:3)
  A ynoxinul (Gauntlet)
  A spriggan (Lair:3)
  A vampire (D:9)
  10 yaks
  4 wyverns
  Eustachio (D:5)
  A basilisk (Lair:4)
  3 steam dragons
  4 nagas (Lair:3)
  A hell hound (Gauntlet)
  3 acid dragons
  10 water moccasins
  A sky beast (D:6)
  An orc warrior (D:10)
  A naga skeleton (Abyss:1)
  2 ice beasts
  A black bear (Lair:3)
  39 wolves
  2 centaurs
  3 ogres
  A lemure (D:4)
  3 phantoms
  Blork the orc (D:4)
  3 kobold brigands
  A necrophage (D:6)
  19 bullfrogs
  A small abomination (Abyss:1)
  2 scorpions (D:6)
  6 wights
  29 killer bees
  3 howler monkeys
  4 electric eels
  A crimson imp (D:7)
  5 hounds
  A jelly (D:5)
  5 orc priests
  2 iron imps (Gauntlet)
  5 orc wizards
  Ijyb (D:3)
  An iguana (D:5)
  Robin (D:4)
  8 adders
  4 white imps
  4 ufetubi
  5 dart slugs
  3 worms
  33 orcs
  6 ball pythons
  7 bats
  7 endoplasms
  9 giant cockroaches
  13 goblins
  16 hobgoblins
  11 jackals
  26 kobolds
  A quokka (D:1)
  6 frilled lizards
  6 rats
  A spectral orc (D:4)
  A lurking horror (Abyss:1)
416 creatures vanquished.

Vanquished Creatures (others)
  21 demonic plants (Gauntlet)
  13 fungi
  48 plants
82 creatures vanquished.

Grand Total: 498 creatures vanquished

Notes
Turn   | Place    | Note
-------+----------+-------------------------------------------
     0 | D:1      | qw the Gargoyle Fighter began the quest for the Orb.
     0 | D:1      | Reached XP level 1. HP: 14/14 MP: 1/1
     0 | D:1      | 0 ||| qw: Version: 0.2-a-13-gfc7b4b4
     0 | D:1      | 0 ||| qw: Game counter: 1694
     0 | D:1      | 0 ||| qw: Always use a shield: true
     0 | D:1      | 0 ||| qw: God list: Okawaru
     0 | D:1      | 0 ||| qw: Allow faded altars: false
     0 | D:1      | 0 ||| qw: Do Orc after D:15 true
     0 | D:1      | 0 ||| qw: Do second Lair branch before Depths: true
     0 | D:1      | 0 ||| qw: Lair rune preference: random
     0 | D:1      | 0 ||| qw: Plans: Normal, Zot:1-4, God:TSO, Crypt, Tomb,
                  | Pan, Slime:5, Hells, Abyss, Orb
     0 | D:1      | 0 ||| PLANNING D:1-11
    24 | D:1      | Reached skill level 2 in Axes
   162 | D:1      | Reached XP level 2. HP: 15/19 MP: 2/2
   228 | D:1      | Found a faded altar of an unknown god.
   260 | D:1      | 260 ||| Stepping ~*~*~tactically~*~*~ (stealth).
   261 | D:1      | 261 ||| Stepping ~*~*~tactically~*~*~ (stealth).
   264 | D:1      | 264 ||| Stepping ~*~*~tactically~*~*~ (stealth).
   266 | D:1      | 266 ||| Stepping ~*~*~tactically~*~*~ (stealth).
   293 | D:1      | 293 ||| DROPPING +0 club.
   360 | D:1      | 360 ||| Stepping ~*~*~tactically~*~*~ (hiding).
   368 | D:1      | Reached skill level 3 in Axes
   492 | D:1      | Reached XP level 3. HP: 23/23 MP: 3/3
   665 | D:1      | 665 ||| Stepping ~*~*~tactically~*~*~ (stealth).
   666 | D:1      | 666 ||| Stepping ~*~*~tactically~*~*~ (stealth).
   669 | D:1      | 669 ||| Stepping ~*~*~tactically~*~*~ (stealth).
   670 | D:1      | 670 ||| Stepping ~*~*~tactically~*~*~ (stealth).
   734 | D:1      | 734 ||| Stepping ~*~*~tactically~*~*~ (stealth).
   767 | D:1      | 767 ||| Stepping ~*~*~tactically~*~*~ (hiding).
   965 | D:1      | 965 ||| UPGRADING to +0 plate armour of poison resistance.
   975 | D:1      | 975 ||| DROPPING +0 scale mail.
   976 | D:1      | 976 ||| READING scroll labelled KIFRUE MAKYS.
   977 | D:1      | 977 ||| READING scroll labelled BEPLOMN VISTRA.
   982 | D:1      | 982 ||| DRINKING 2 white potions.
  1004 | D:2      | 1004 ||| STAIRDANCE
  1203 | D:2      | 1203 ||| Stepping ~*~*~tactically~*~*~ (stealth).
  1223 | D:2      | 1223 ||| FLEEEEING.
  1224 | D:2      | 1224 ||| FLEEEEING.
  1225 | D:2      | 1225 ||| FLEEEEING.
  1226 | D:2      | 1226 ||| FLEEEEING.
  1227 | D:2      | 1227 ||| FLEEEEING.
  1229 | D:2      | 1229 ||| FLEEEEING.
  1230 | D:2      | 1230 ||| FLEEEEING.
  1231 | D:2      | 1231 ||| FLEEEEING.
  1232 | D:2      | 1232 ||| FLEEEEING.
  1233 | D:2      | 1233 ||| FLEEEEING.
  1234 | D:2      | 1234 ||| FLEEEEING.
  1235 | D:2      | 1235 ||| FLEEEEING.
  1236 | D:2      | 1236 ||| FLEEEEING.
  1237 | D:2      | 1237 ||| FLEEEEING.
  1238 | D:2      | 1238 ||| FLEEEEING.
  1239 | D:2      | 1239 ||| FLEEEEING.
  1241 | D:2      | 1241 ||| FLEEEEING.
  1242 | D:2      | 1242 ||| FLEEEEING.
  1243 | D:2      | 1243 ||| FLEEEEING.
  1244 | D:2      | 1244 ||| FLEEEEING.
  1245 | D:2      | 1245 ||| FLEEEEING.
  1248 | D:2      | 1248 ||| FLEEEEING.
  1252 | D:2      | 1252 ||| FLEEEEING.
  1253 | D:2      | 1253 ||| FLEEEEING.
  1255 | D:2      | 1255 ||| FLEEEEING.
  1259 | D:2      | 1259 ||| STAIRDANCE
  1442 | D:2      | Reached XP level 4. HP: 28/28 MP: 4/4
  1489 | D:2      | 1489 ||| Stepping ~*~*~tactically~*~*~ (hiding).
  1685 | D:2      | 1685 ||| Stepping ~*~*~tactically~*~*~ (stealth).
  1686 | D:2      | 1686 ||| Stepping ~*~*~tactically~*~*~ (stealth).
  1983 | D:2      | Reached skill level 4 in Axes
  2140 | D:2      | 2140 ||| READING scroll labelled WUAVAZ LUGITZI.
  2141 | D:2      | 2141 ||| READING scroll labelled OHAODU WI BAI.
  2196 | D:2      | 2196 ||| READING 3 scrolls labelled GIAL FUEZXAM.
  2197 | D:2      | 2197 ||| READING 2 scrolls labelled FIURICH LUYF.
  2198 | D:2      | 2198 ||| READING scroll labelled USCHOXT BAIPSO.
  2199 | D:2      | 2199 ||| DRINKING 2 bubbling grey potions.
  2200 | D:2      | 2200 ||| DROPPING 2 scrolls of poison.
  2201 | D:2      | 2201 ||| DROPPING scroll of immolation.
  2257 | D:3      | Found an opulent altar of Gozag.
  2546 | D:3      | Noticed Grinder
  2552 | D:3      | Paralysed by Grinder for 5 turns
  2565 | D:3      | HP: 2/28 [Grinder (7)]
  2566 | D:3      | 2566 ||| READING scroll of teleportation.
  2567 | D:3      | Paralysed by Grinder for 2 turns
  2958 | D:3      | Paralysed by Grinder for 4 turns
  2962 | D:3      | 2962 ||| Stepping ~*~*~tactically~*~*~ (hiding).
  2973 | D:3      | HP: 4/28 [Grinder/nerve-wracking pain (4)]
  2977 | D:3      | Killed Grinder
  2978 | D:3      | Reached skill level 5 in Axes
  2978 | D:3      | Reached XP level 5. HP: 5/32 MP: 5/5
  2978 | D:3      | Reached XP level 6. HP: 6/37 MP: 6/6
  3327 | D:3      | Noticed Ijyb
  3329 | D:3      | Paralysed by Ijyb for 2 turns
  3335 | D:3      | Killed Ijyb
  3536 | D:3      | Noticed Sigmund
  3555 | D:3      | 3555 ||| DRINKING 2 potions of curing.
  3555 | D:3      | 3555 ||| (to cure confusion)
  3572 | D:3      | Killed Sigmund
  3573 | D:3      | Reached XP level 7. HP: 25/44 MP: 7/7
  3729 | D:3      | Found an iron altar of Okawaru.
  3730 | D:3      | 3730 ||| PLANNING OKAWARU WORSHIP
  3730 | D:3      | 3730 ||| READING scroll labelled GUSTUI SERARY.
  3731 | D:3      | 3731 ||| READING scroll labelled URUXAMATAO.
  3732 | D:3      | 3732 ||| READING scroll labelled FOMUHECARGH.
  3741 | D:3      | Became a worshipper of Warmaster Okawaru
  3742 | D:3      | 3742 ||| PLANNING D:1-11
  3918 | D:4      | 3918 ||| PLANNING SEWER
  3928 | D:4      | Found a broken altar of Ashenzari.
  3928 | D:4      | Noticed Blork the orc
  3929 | D:4      | 3929 ||| Stepping ~*~*~tactically~*~*~ (stealth).
  3931 | D:4      | 3931 ||| Stepping ~*~*~tactically~*~*~ (stealth).
  3934 | D:4      | 3934 ||| STAIRDANCE
  3960 | D:4      | 3960 ||| Stepping ~*~*~tactically~*~*~ (stealth).
  3963 | D:4      | 3963 ||| Stepping ~*~*~tactically~*~*~ (stealth).
  3964 | D:4      | 3964 ||| Stepping ~*~*~tactically~*~*~ (stealth).
  3984 | D:4      | Killed Blork the orc
  3985 | D:4      | Reached skill level 6 in Axes
  4041 | D:4      | Noticed Pikel
  4044 | D:4      | 4044 ||| Stepping ~*~*~tactically~*~*~ (stealth).
  4057 | D:4      | Killed Pikel
  4057 | D:4      | Reached * piety under Okawaru
  4058 | D:4      | Reached skill level 8 in Axes
  4058 | D:4      | Reached XP level 8. HP: 38/49 MP: 8/8
  4125 | D:4      | 4125 ||| DROPPING +0 mace.
  4297 | D:4      | Reached skill level 1 in Invocations
  4344 | D:4      | Found a basalt altar of Yredelemnul.
  4404 | D:4      | Reached skill level 1 in Dodging
  4410 | D:4      | 4410 ||| Stepping ~*~*~tactically~*~*~ (hiding).
  4411 | D:4      | 4411 ||| Stepping ~*~*~tactically~*~*~ (hiding).
  4412 | D:4      | 4412 ||| INVOKING Heroism.
  4443 | D:4      | 4443 ||| Stepping ~*~*~tactically~*~*~ (hiding).
  4446 | D:4      | 4446 ||| Stepping ~*~*~tactically~*~*~ (hiding).
  4451 | D:4      | Noticed Robin
  4453 | D:4      | 4453 ||| Stepping ~*~*~tactically~*~*~ (hiding).
  4469 | D:4      | 4469 ||| INVOKING Heroism.
  4470 | D:4      | Killed Robin
  4508 | D:4      | 4508 ||| Stepping ~*~*~tactically~*~*~ (stealth).
  4536 | D:4      | 4536 ||| RIP SEWER
  4537 | D:4      | 4537 ||| PLANNING D:1-11
  4550 | D:4      | Identified the +12 dagger "Goblin's Bane" {drain, *Noise
                  | rElec rN+ Will+}
  4610 | D:4      | 4610 ||| INVOKING Heroism.
  4892 | D:4      | 4892 ||| UPGRADING to +0 helmet.
  4897 | D:4      | 4897 ||| UPGRADING to +6 ring of dexterity.
  4898 | D:4      | 4898 ||| READING scroll labelled LYCEABUILO.
  4899 | D:4      | 4899 ||| DRINKING 2 coppery potions.
  4900 | D:4      | 4900 ||| DRINKING 2 murky sapphire potions.
  4901 | D:4      | 4901 ||| DRINKING 2 fizzy yellow potions.
  4935 | D:4      | 4935 ||| DROPPING potion of brilliance.
  4936 | D:4      | 4936 ||| DROPPING potion of flight.
  4953 | D:5      | Entered Level 5 of the Dungeon
  5067 | D:5      | 5067 ||| INVOKING Heroism.
  5088 | D:5      | 5088 ||| DROPPING +0 whip of freezing.
  5379 | D:5      | Reached skill level 3 in Invocations
  5405 | D:5      | Noticed Eustachio
  5406 | D:5      | 5406 ||| INVOKING Heroism.
  5423 | D:5      | 5423 ||| INVOKING Heroism.
  5444 | D:5      | 5444 ||| FLEEEEING.
  5445 | D:5      | 5445 ||| FLEEEEING.
  5446 | D:5      | 5446 ||| FLEEEEING.
  5447 | D:5      | 5447 ||| INVOKING Heroism.
  5470 | D:5      | 5470 ||| INVOKING Heroism.
  5471 | D:5      | Killed Eustachio
  5599 | D:5      | Found a staircase to the Ecumenical Temple.
  5923 | D:5      | 5923 ||| INVOKING Heroism.
  5928 | D:5      | Reached skill level 6 in Fighting
  5932 | D:5      | 5932 ||| Stepping ~*~*~tactically~*~*~ (stealth).
  5936 | D:5      | 5936 ||| Stepping ~*~*~tactically~*~*~ (stealth).
  5939 | D:5      | Reached XP level 9. HP: 44/55 MP: 9/12
  5956 | D:5      | 5956 ||| FLEEEEING.
  6009 | D:5      | 6009 ||| INVOKING Heroism.
  6192 | D:5      | 6192 ||| UPGRADING to ring of protection from fire.
  6193 | D:5      | 6193 ||| READING scroll labelled YTOHEI OGROSUN.
  6233 | D:6      | Found an ornate altar of the Wu Jian Council.
  6234 | D:6      | 6234 ||| INVOKING Heroism.
  6407 | D:6      | 6407 ||| INVOKING Heroism.
  6418 | D:6      | Reached ** piety under Okawaru
  6600 | D:6      | Reached skill level 9 in Axes
  6823 | D:6      | 6823 ||| INVOKING Heroism.
  7450 | D:6      | 7450 ||| UPGRADING to +0 pair of boots.
  7455 | D:6      | 7455 ||| UPGRADING to +0 kite shield.
  7465 | D:6      | 7465 ||| DROPPING +0 buckler.
  7466 | D:6      | 7466 ||| DROPPING amulet of faith.
  7467 | D:6      | 7467 ||| DRINKING 2 fizzy clear potions.
  7468 | D:6      | 7468 ||| DRINKING 3 fuming grey potions.
  7469 | D:6      | 7469 ||| DRINKING 2 brown potions.
  7668 | D:7      | 7668 ||| INVOKING Heroism.
  7865 | D:7      | 7865 ||| INVOKING Heroism.
  7884 | D:7      | Reached skill level 6 in Shields
  7988 | D:7      | Found a stormy altar of Qazlal.
  8052 | D:7      | Noticed a hornet
  8069 | D:7      | Killed a hornet
  8269 | D:7      | Found a hide-covered altar of Uskayaw.
  8270 | D:7      | 8270 ||| INVOKING Heroism.
  8358 | D:7      | Reached *** piety under Okawaru
  8359 | D:7      | Reached XP level 10. HP: 61/61 MP: 13/13
  8481 | D:7      | 8481 ||| UPGRADING to +2 helmet.
  8491 | D:7      | 8491 ||| DROPPING +0 helmet.
  8492 | D:7      | 8492 ||| UPGRADING to +4 ring of slaying {mikee}.
  8494 | D:7      | 8494 ||| DRINKING 2 dark potions.
  8495 | D:7      | 8495 ||| DRINKING 2 fuming amethyst potions.
  8600 | D:7      | 8600 ||| DROPPING potion of berserk rage.
  8678 | D:8      | Found a hazy altar of Hepliaklqana.
  8679 | D:8      | Found a shimmering altar of Xom.
  8680 | D:8      | Noticed a spectral ugly thing
  8688 | D:8      | 8688 ||| Stepping ~*~*~tactically~*~*~ (hiding).
  8730 | D:8      | 8730 ||| INVOKING Heroism.
  8815 | D:8      | 8815 ||| INVOKING Heroism.
  8829 | D:8      | Reached skill level 6 in Armour
  8867 | D:8      | 8867 ||| Stepping ~*~*~tactically~*~*~ (stealth).
  8869 | D:8      | 8869 ||| Stepping ~*~*~tactically~*~*~ (stealth).
  9023 | D:8      | 9023 ||| Stepping ~*~*~tactically~*~*~ (stealth).
  9028 | D:8      | 9028 ||| INVOKING Heroism.
  9039 | D:8      | 9039 ||| Stepping ~*~*~tactically~*~*~ (water).
  9122 | D:8      | 9122 ||| INVOKING Heroism.
  9149 | D:8      | 9149 ||| INVOKING Heroism.
  9245 | D:8      | 9245 ||| Stepping ~*~*~tactically~*~*~ (stealth).
  9254 | D:8      | Found a blossoming altar of Fedhas.
  9255 | D:8      | 9255 ||| Stepping ~*~*~tactically~*~*~ (hiding).
  9257 | D:8      | 9257 ||| Stepping ~*~*~tactically~*~*~ (hiding).
  9267 | D:8      | 9267 ||| INVOKING Heroism.
  9533 | D:8      | 9533 ||| READING scroll labelled USMOG MOAFA.
  9534 | D:8      | 9534 ||| READING scroll labelled GAFIZ MAOQ.
  9535 | D:8      | 9535 ||| DRINKING 3 viscous coppery potions.
  9536 | D:8      | 9536 ||| DROPPING 2 potions of degeneration.
  9573 | D:9      | 9573 ||| STAIRDANCE
  9578 | D:9      | 9578 ||| STAIRDANCE
  9581 | D:8      | 9581 ||| DRINKING 2 potions of curing.
  9581 | D:8      | 9581 ||| (to cure confusion)
  9637 | D:9      | 9637 ||| INVOKING Heroism.
  9723 | D:9      | Reached skill level 9 in Shields
  9836 | D:9      | Found a staircase to the Orcish Mines.
  9837 | D:9      | 9837 ||| INVOKING Heroism.
 10021 | D:9      | Reached skill level 1 in Throwing
 10083 | D:9      | Identified the +3 scale mail of the Hungering Gods {-Cast
                  | rF+ Will+++ MP-9}
 10134 | D:9      | 10134 ||| DROPPING +3 whip.
 10151 | D:9      | 10151 ||| INVOKING Heroism.
 10178 | D:9      | Reached **** piety under Okawaru
 10179 | D:9      | 10179 ||| INVOKING Heroism.
 10284 | D:9      | Found a shadowy altar of Dithmenos.
 10285 | D:9      | Found a shimmering blue altar of Sif Muna.
 10307 | D:9      | 10307 ||| INVOKING Heroism.
 10490 | D:9      | 10490 ||| UPGRADING to +3 scale mail of the Hungering Gods
                  | {-Cast rF+ Will+++ MP-9}.
 10500 | D:9      | 10500 ||| UPGRADING to +6 ring of dexterity.
 10502 | D:9      | 10502 ||| READING scroll labelled VOFUIHUDORGH.
 10521 | D:10     | Entered Level 10 of the Dungeon
 10526 | D:10     | Reached skill level 10 in Axes
 10557 | D:10     | Noticed a two-headed ogre
 10558 | D:10     | 10558 ||| INVOKING Heroism.
 10564 | D:10     | Killed a two-headed ogre
 10565 | D:10     | Reached XP level 11. HP: 66/68 MP: 2/14
 10671 | D:10     | Noticed Fannar
 10673 | D:10     | 10673 ||| Stepping ~*~*~tactically~*~*~ (hiding).
 10674 | D:10     | 10674 ||| Stepping ~*~*~tactically~*~*~ (hiding).
 10690 | D:10     | 10690 ||| INVOKING Heroism.
 10692 | D:10     | Killed Fannar
 10693 | D:10     | Reached skill level 6 in Invocations
 10846 | D:10     | Noticed Erolcha
 10847 | D:10     | 10847 ||| Stepping ~*~*~tactically~*~*~ (hiding).
 10850 | D:10     | 10850 ||| INVOKING Heroism.
 10858 | D:10     | Killed Erolcha
 10992 | D:10     | Noticed a two-headed ogre
 10993 | D:10     | 10993 ||| INVOKING Heroism.
 11004 | D:10     | Killed a two-headed ogre
 11004 | D:10     | Reached ***** piety under Okawaru
 11005 | D:10     | Reached skill level 3 in Dodging
 11103 | D:10     | 11103 ||| INVOKING Heroism.
 11470 | D:10     | 11470 ||| INVOKING Heroism.
 11504 | D:10     | 11504 ||| DROPPING ring of wizardry.
 11542 | D:11     | 11542 ||| PLANNING GAUNTLET
 11575 | D:11     | 11575 ||| INVOKING Heroism.
 11637 | D:11     | 11637 ||| INVOKING Heroism.
 11670 | D:11     | Noticed a manticore
 11671 | D:11     | 11671 ||| INVOKING Heroism.
 11678 | D:11     | Killed a manticore
 11827 | D:11     | Found a gate leading to a gauntlet.
 11828 | D:11     | 11828 ||| READING scroll labelled KERGHU FUMATA.
 11834 | D:11     | Found a staircase to the Lair.
 11837 | Gauntlet | Entered a Gauntlet
 11837 | Gauntlet | Noticed a wizard
 11837 | Gauntlet | Found a transporter.
 11837 | Gauntlet | Found a transporter.
 11837 | Gauntlet | Found a transporter.
 11837 | Gauntlet | Found a transporter.
 11841 | Gauntlet | Found a transporter.
 11841 | Gauntlet | Found a transporter.
 11845 | Gauntlet | Found the -2 hat of the Alchemist {rElec rPois rF+ rC+ rN+
                  | Will+ rMut rCorr}
 11851 | Gauntlet | Found a transporter.
 11855 | Gauntlet | Found a transporter.
 11857 | Gauntlet | Noticed a sixfirhy
 11858 | Gauntlet | Noticed a wizard
 11861 | Gauntlet | Noticed a balrug
 11864 | Gauntlet | Noticed a wizard
 11865 | Gauntlet | Found a transporter.
 11865 | Gauntlet | Found the +3 hat of Pondering {ponderous, Will+ MP+10
                  | Int+5}
 11968 | Gauntlet | Found a transporter.
 11972 | Gauntlet | Found a transporter.
 11982 | Gauntlet | Found a transporter.
 12038 | Gauntlet | 12038 ||| INVOKING Heroism.
 12152 | Gauntlet | 12152 ||| UPGRADING to amulet of regeneration.
 12163 | Gauntlet | 12163 ||| INVOKING Heroism.
 12168 | Gauntlet | Killed a sixfirhy
 12188 | Gauntlet | Identified the +5 quarterstaff of the Forging Queen {spect,
                  | Int+3 Stlth+}
 12197 | Gauntlet | 12197 ||| INVOKING Heroism.
 12201 | Gauntlet | HP: 17/68 [balrug/+2 demon whip of draining (9)]
 12202 | Gauntlet | 12202 ||| DRINKING 4 potions of heal wounds.
 12209 | Gauntlet | Killed a balrug
 12209 | Gauntlet | Received a gift from Okawaru
 12253 | Gauntlet | 12253 ||| DROPPING +0 flail.
 12324 | Gauntlet | Noticed a minotaur
 12326 | Gauntlet | 12326 ||| INVOKING Heroism.
 12327 | Gauntlet | 12327 ||| INVOKING Finesse.
 12343 | Gauntlet | Killed a minotaur
 12344 | Gauntlet | Reached skill level 11 in Axes
 12344 | Gauntlet | Reached skill level 9 in Invocations
 12405 | Gauntlet | Identified the +1 leather armour "Xureyz" {rElec rC- Int-3
                  | Dex+8}
 12443 | Gauntlet | 12443 ||| READING 2 scrolls of identify.
 12443 | Gauntlet | 12443 ||| IDENTIFYING puce potion
 12444 | Gauntlet | 12444 ||| DROPPING potion of ambrosia.
 12464 | D:11     | 12464 ||| PLANNING LAIR
 12473 | Lair:1   | Entered Level 1 of the Lair of Beasts
 12485 | Lair:1   | Reached XP level 12. HP: 63/74 MP: 9/18
 12603 | Lair:1   | 12603 ||| INVOKING Heroism.
 12609 | Lair:1   | Reached skill level 3 in Throwing
 12631 | Lair:1   | 12631 ||| Stepping ~*~*~tactically~*~*~ (stealth).
 12636 | Lair:1   | Noticed a boulder beetle
 12637 | Lair:1   | 12637 ||| INVOKING Heroism.
 12638 | Lair:1   | 12638 ||| INVOKING Finesse.
 12648 | Lair:1   | Killed a boulder beetle
 12865 | Lair:1   | 12865 ||| READING scroll of brand weapon.
 12865 | Lair:1   | 12865 ||| BRANDING +1 war axe of venom.
 12882 | Lair:1   | 12882 ||| INVOKING Heroism.
 12896 | Lair:1   | Received a gift from Okawaru
 13280 | Lair:1   | 13280 ||| READING 2 scrolls of identify.
 13280 | Lair:1   | 13280 ||| IDENTIFYING inky potion
 13338 | Lair:2   | 13338 ||| INVOKING Heroism.
 13371 | Lair:2   | 13371 ||| INVOKING Heroism.
 13453 | Lair:2   | Found a runed translucent gate.
 13453 | Lair:2   | Found a runed translucent gate.
 13454 | Lair:2   | Found a runed translucent gate.
 13459 | Lair:2   | Noticed Elebi's ghost (journeyman DrTm)
 13470 | Lair:2   | 13470 ||| Stepping ~*~*~tactically~*~*~ (stealth).
 13472 | Lair:2   | 13472 ||| INVOKING Heroism.
 13491 | Lair:2   | Found a staircase to the Swamp.
 13545 | Lair:2   | 13545 ||| INVOKING Heroism.
 13854 | Lair:2   | 13854 ||| INVOKING Heroism.
 13856 | Lair:2   | Reached skill level 9 in Fighting
 14066 | Lair:2   | 14066 ||| INVOKING Heroism.
 14155 | Lair:2   | 14155 ||| READING 3 scrolls of identify.
 14155 | Lair:2   | 14155 ||| IDENTIFYING lumpy cyan potion
 14164 | Lair:3   | Noticed Snorg
 14165 | Lair:3   | 14165 ||| INVOKING Heroism.
 14166 | Lair:3   | 14166 ||| INVOKING Finesse.
 14173 | Lair:3   | Killed Snorg
 14252 | Lair:3   | Received a gift from Okawaru
 14342 | Lair:3   | 14342 ||| INVOKING Heroism.
 14343 | Lair:3   | Found a staircase to the Snake Pit.
 14357 | Lair:3   | Reached skill level 12 in Axes
 14429 | Lair:3   | 14429 ||| INVOKING Heroism.
 14462 | Lair:3   | 14462 ||| Stepping ~*~*~tactically~*~*~ (stealth).
 14511 | Lair:3   | 14511 ||| Stepping ~*~*~tactically~*~*~ (hiding).
 14512 | Lair:3   | 14512 ||| Stepping ~*~*~tactically~*~*~ (hiding).
 14517 | Lair:3   | 14517 ||| INVOKING Heroism.
 14558 | Lair:3   | 14558 ||| Stepping ~*~*~tactically~*~*~ (stealth).
 14559 | Lair:3   | 14559 ||| Stepping ~*~*~tactically~*~*~ (stealth).
 14586 | Lair:3   | 14586 ||| INVOKING Heroism.
 14593 | Lair:3   | Reached XP level 13. HP: 81/81 MP: 8/20
 14614 | Lair:3   | Received a gift from Okawaru
 14714 | Lair:3   | 14714 ||| FLEEEEING.
 14715 | Lair:3   | 14715 ||| INVOKING Heroism.
 14723 | Lair:3   | 14723 ||| SWAPPING to +2 demon whip of draining.
 14724 | Lair:3   | 14724 ||| INVOKING Finesse.
 14730 | Lair:3   | 14730 ||| SWAPPING to +1 spectral war axe.
 14943 | Lair:3   | 14943 ||| INVOKING Heroism.
 14976 | Lair:3   | 14976 ||| INVOKING Heroism.
 15239 | Lair:3   | 15239 ||| READING scroll labelled UBLUHUM ERAA.
 15239 | Lair:3   | Identified a scroll of acquirement
 15239 | Lair:3   | 15239 ||| ACQUIRING +5 war axe of Change {speed, Int+2}
 15239 | Lair:3   | Acquired the +5 war axe of Change {speed, Int+2}
 15241 | Lair:3   | 15241 ||| SWAPPING to +5 war axe of Change {speed, Int+2}.
 15242 | Lair:3   | 15242 ||| DROPPING +1 spectral war axe.
 15283 | Lair:4   | Found a transporter.
 15306 | Lair:4   | 15306 ||| INVOKING Heroism.
 15307 | Lair:4   | 15307 ||| Stepping ~*~*~tactically~*~*~ (stealth).
 15310 | Lair:4   | 15310 ||| INVOKING Finesse.
 15341 | Lair:4   | Identified the +3 quarterstaff of Meohax {flame, rPois
                  | Dex+4} (Okawaru gifted it to you on level 4 of the Lair of
                  | Beasts)
 15341 | Lair:4   | Received a gift from Okawaru
 15353 | Lair:4   | Reached skill level 13 in Axes
 15402 | Lair:4   | 15402 ||| Stepping ~*~*~tactically~*~*~ (stealth).
 15403 | Lair:4   | 15403 ||| INVOKING Heroism.
 15439 | Lair:4   | 15439 ||| Stepping ~*~*~tactically~*~*~ (stealth).
 15446 | Lair:4   | 15446 ||| INVOKING Heroism.
 15544 | Lair:4   | 15544 ||| Stepping ~*~*~tactically~*~*~ (stealth).
 15545 | Lair:4   | 15545 ||| Stepping ~*~*~tactically~*~*~ (stealth).
 15890 | Lair:4   | Identified the +12 broad axe "Sojiwkes" {venom, Int+7
                  | Dex-5} (Okawaru gifted it to you on level 4 of the Lair of
                  | Beasts)
 15890 | Lair:4   | Received a gift from Okawaru
 15892 | Lair:4   | 15892 ||| SWAPPING to +12 broad axe "Sojiwkes" {venom,
                  | Int+7 Dex-5}.
 15893 | Lair:4   | 15893 ||| DROPPING +5 war axe of Change {speed, Int+2}.
 15948 | Lair:4   | 15948 ||| INVOKING Heroism.
 15949 | Lair:4   | 15949 ||| INVOKING Finesse.
 15951 | Lair:4   | 15951 ||| SWAPPING to +2 demon whip of draining.
 15959 | Lair:4   | 15959 ||| SWAPPING to +12 broad axe "Sojiwkes" {venom,
                  | Int+7 Dex-5}.
 16098 | Lair:4   | Found a transporter.
 16197 | Lair:5   | Entered Level 5 of the Lair of Beasts
 16197 | Lair:5   | Found a viscous altar of Jiyva.
 16197 | Lair:5   | Found a staircase to the Slime Pits.
 16275 | Lair:5   | Noticed Sonja
 16276 | Lair:5   | 16276 ||| Stepping ~*~*~tactically~*~*~ (stealth).
 16277 | Lair:5   | 16277 ||| INVOKING Finesse.
 16280 | Lair:5   | 16280 ||| Stepping ~*~*~tactically~*~*~ (stealth).
 16280 | Abyss:1  | Found a corrupted altar of Lugonu.
 16280 | Abyss:1  | Cast into level 1 of the Abyss (Sonja)
 16340 | Abyss:1  | 16340 ||| Stepping ~*~*~tactically~*~*~ (stealth).
 16344 | Abyss:1  | 16344 ||| Stepping ~*~*~tactically~*~*~ (stealth).
 16346 | Abyss:1  | 16346 ||| Stepping ~*~*~tactically~*~*~ (stealth).
 16348 | Abyss:1  | 16348 ||| Stepping ~*~*~tactically~*~*~ (stealth).
 16379 | Abyss:1  | 16379 ||| Stepping ~*~*~tactically~*~*~ (stealth).
 16380 | Abyss:1  | 16380 ||| Stepping ~*~*~tactically~*~*~ (stealth).
 16388 | Abyss:1  | 16388 ||| INVOKING Heroism.
 16425 | Abyss:1  | 16425 ||| Stepping ~*~*~tactically~*~*~ (stealth).
 16474 | Abyss:1  | 16474 ||| INVOKING Heroism.
 16478 | Abyss:1  | Noticed a bone dragon
 16480 | Abyss:1  | Reached skill level 14 in Axes
 16488 | Abyss:1  | HP: 11/82 [bone dragon (12)]
 16488 | Abyss:1  | Slain by a bone dragon

Levels and vault maps discovered:
D:1:      spicycebolla_arrival_xxxplode, layout_rooms,
          hellmonk_ecumenical_altar_arch_garden
D:2:      layout_loops_corners
D:3:      layout_basic, nicolae_overflow_crystal_walls,
          mainiacjoe_overflow_alcove_4, uniq_ijyb, uniq_grinder, uniq_sigmund
D:4:      layout_loops_ring, yredelemnul_forgotten_temple_becter,
          ashenzari_conservatory_becter, portal_sewer_entry_c, uniq_pikel,
          uniq_blork_the_orc, uniq_robin
D:5:      layout_basic, minmay_temple_entry_glassed_door, uniq_eustachio
D:6:      layout_layer_cave, mainiacjoe_overflow_concentric_impassable
D:7:      layout_loops_cross, nicolae_uskayaw_dance_studio,
          nicolae_qazlal_eye_of_the_storm, minmay_fire_ice_demons
D:8:      layout_layer_cave, regret_index_temple_of_mockery, lemuel_tele_altar,
          kennysheep_small_spiral, nicolae_concentric_dashed_squares_mild,
          minmay_misc_feat_columns, serial_bayou_lagoon_b
D:9:      layout_roguey, mainiacjoe_overflow_divided_tiny, david_orc_2
D:10:     layout_roguey, uniq_erolcha, uniq_fannar
D:11:     layout_basic, lair_entry_dummy, gauntlet_entry_generic
Lair:1:   layout_roguey, amcnicky_mini_pool_medium, serial_bayou_shore_b
Lair:2:   layout_chaotic_city, swamp_mist, gammafunk_ghost_necromancy,
          serial_bayou_shore_a
Lair:3:   layout_regular_city, minmay_snake_entry_guardpost_small, serial_bayou,
          serial_bayou_pond_d, serial_bayou_pond_e, serial_bayou_pond_b,
          serial_bayou_pond_d, grunt_forest_large_clearing_hut, uniq_snorg
Lair:4:   gammafunk_boulding_lane, layout_gridlike, grunt_forest_large_clearings
Lair:5:   hellmonk_lair_end_abyssal_woods, layout_small_grid, slime_entry_1,
          uniq_sonja
Abyss:1:  base:
D:15

Skill      XL: |  1  2  3  4  5  6  7  8  9 10 11 12 13 |
---------------+----------------------------------------+-----
Axes           | 2 3 5 8 9 10 11 12 14 | 14.0
Fighting       | 5 6 7 8 9 10 | 10.0
Invocations    | 4 5 9 10 | 10.0
Dodging        | 1 2 3 4 |  4.0
Armour         | 4 5 6 |  6.0
Shields        | 7 9 10 11 | 11.0
Throwing       | 1 2 4 5 |  5.0

Action                   |  1- 3 |  4- 6 |  7- 9 | 10-12 | 13-15 || total
-------------------------+-------+-------+-------+-------+-------++-------
Melee: War axe           |   115 |   120 |   437 |   489 |   120 ||  1281
       Broad axe         |       |       |       |       |    49 ||    49
       Demon whip        |       |       |       |       |    10 ||    10
Throw: Boomerang         |       |       |       |    22 |    16 ||    38
       Javelin           |       |       |       |    50 |    31 ||    81
Invok: Heroism           |       |       |    16 |    38 |     9 ||    63
       Finesse           |       |       |       |     3 |     4 ||     7
  Use: Scroll            |     2 |     6 |     5 |     8 |     1 ||    22
       Potion            |     1 |     2 |     6 |     5 |       ||    14
 Stab: Distracted        |       |       |       |     2 |     1 ||     3
Armor: Scale mail        |    38 |       |       |    95 |    45 ||   178
       Plate armour      |    30 |    78 |   240 |   104 |       ||   452
Dodge: Dodged            |    29 |    28 |   104 |   139 |    53 ||   353
Block: Buckler           |    18 |    17 |    58 |       |       ||    93
       Kite shield       |       |       |    44 |   280 |    91 ||   415

Table legend:
 A = Non-vault XP
 B = Vault XP
 C = Vault XP percentage of total XP
 D = Non-vault monster count
 E = Vault monster count
 F = Vault count percentage of total count
                 A         B        C        D         E       F
            +---------+---------+-------+---------+---------+-------
      Total |   36257 |   14420 |  28.5 |     320 |      94 |  22.7
            +---------+---------+-------+---------+---------+-------
        D:1 |      55 |       0 |   0.0 |      30 |       0 |   0.0
        D:2 |      58 |       0 |   0.0 |      20 |       0 |   0.0
        D:3 |      46 |     537 |  92.1 |      16 |       3 |  15.8
        D:4 |     266 |     797 |  75.0 |      31 |      20 |  39.2
        D:5 |     458 |     196 |  30.0 |      17 |       1 |   5.6
        D:6 |    1137 |       0 |   0.0 |      17 |       0 |   0.0
        D:7 |     985 |     169 |  14.6 |       9 |       8 |  47.1
        D:8 |    1508 |       0 |   0.0 |      31 |       0 |   0.0
        D:9 |    2087 |      21 |   1.0 |      25 |       7 |  21.9
       D:10 |    3096 |    1741 |  36.0 |      23 |       2 |   8.0
       D:11 |    1657 |       0 |   0.0 |      10 |       0 |   0.0
     Lair:1 |    2805 |     232 |   7.6 |      13 |       2 |  13.3
     Lair:2 |    4632 |       0 |   0.0 |      19 |       0 |   0.0
     Lair:3 |    6752 |    3524 |  34.3 |      29 |       9 |  23.7
     Lair:4 |    7948 |    3744 |  32.0 |      21 |      32 |  60.4
     Lair:5 |     142 |       0 |   0.0 |       1 |       0 |   0.0
    Abyss:1 |    2625 |       0 |   0.0 |       8 |       0 |   0.0
   Gauntlet |       0 |    3459 | 100.0 |       0 |      10 | 100.0
            +---------+---------+-------+---------+---------+-------
